 Dungeon Crawl Stone Soup version 0.30.1-11-g7821555f0a (webtiles) character file.

Game seed: 1630891194111521097

179 DevonAidendale the Covered (level 5, 0/41 HPs)
             Began as a Human Fighter on Nov 25, 2023.
             Was an Initiate of Qazlal.
             Slain by an iguana (12 damage)
             ... on level 4 of the Dungeon.
             The game lasted 00:02:49 (1052 turns).

DevonAidendale the Covered (Human Fighter)          Turns: 1052, Time: 00:02:50

Health: 0/41       AC:  7    Str: 17    XL:     5   Next: 90%
Magic:  5/5        EV:  9    Int: 10    God:    Qazlal [......]
Gold:   37         SH:  4    Dex: 12    Spells: 4/4 levels left

rFire   . . .        a - +0 trident
rCold   . . .        c - +0 buckler
rNeg    + . .        b - +0 scale mail
rPois   .            (no helmet)
rElec   .            (no cloak)
rCorr   .            (no gloves)
SInv    .            (no boots)
Will    .....        (no amulet) Stlth
                     g - ring of positive energy
HPRegen 0.26/turn    (no ring)
MPRegen 0.09/turn

%: no passive effects
@: mighty
A: no striking features
a: Renounce Religion


You were on level 4 of the Dungeon.
You worshipped Qazlal.
Qazlal was noncommittal.
You visited 1 branch of the dungeon, and saw 4 of its levels.

You collected 37 gold pieces.

Inventory:

Hand Weapons
 a - a +0 trident (weapon)
Armour
 b - a +0 scale mail (worn)
 c - a +0 buckler (worn)
Jewellery
 g - a ring of positive energy (left hand)
Scrolls
 e - 2 scrolls of identify {unknown}
 f - a scroll of teleportation {unknown}
Potions
 h - a potion of invisibility {unknown}


   Skills:
 * Level 3.4 Fighting
 * Level 3.7 Polearms
 * Level 3.8 Armour
 * Level 1.2 Dodging
 * Level 1.4 Stealth
 * Level 3.4 Shields


You had 4 spell levels left.
You didn't know any spells.
Your spell library contained the following spells:

 Spells                   Type           Power      Damage    Failure   Level
 Stone Arrow              Conj/Erth      0%         3d7       99%         3
 Animate Armour           Summ/Erth      0%         N/A       100%        4
 Lehudib's Crystal Spear  Conj/Erth      0%         10d2      100%        8


Dungeon Overview and Level Annotations

Branches:
Dungeon (4/15)
 Temple: D:4-7

Altars:
Qazlal
Sif Muna


Message History

You open the door.
There is an open door here.
h - a red potion You open the door.
There is an open door here.
There is an open door here.
There is an open door here.
You open the door.
Found a stone staircase leading up.
There is an open door here.
You open the door.
There is an open door here.
There is an open door here.
As you open the door, it creaks loudly!
An ogre comes into view. It is wielding a +0 giant club.
The ogre shouts!
An iguana comes into view.
The iguana hisses angrily.
There is an open door here.
You feel very mighty all of a sudden.
You impale the ogre!!
The ogre is severely wounded.
The ogre hits you with a +0 giant club!!
Ouch! That really hurt!
* * * LOW HITPOINT WARNING * * *
You puncture the ogre!
You kill the ogre!
Qazlal accepts your kill.
Your Dodging skill increases to level 1!
You have reached level 5!
You puncture the iguana!
The iguana is heavily wounded.
The iguana completely misses you.
You barely miss the iguana.
The iguana is heavily wounded.
The iguana closely misses you.
You barely miss the iguana.
The iguana is heavily wounded.
The iguana bites you!
You die...

#######'###
.........#
##.......#
##......<#
#........# .
###+##..#######
...##..##..#.....#
.......#...'.....#
.......l@..#.....#
############.....#
#######


You could see an iguana.

Vanquished Creatures
  An ogre (D:4)
  5 adders
  A worm (D:4)
  3 dart slugs
  7 orcs
  5 ball pythons
  3 endoplasms
  A giant cockroach (D:1)
  3 goblins
  3 hobgoblins
  A kobold (D:2)
  2 frilled lizards
  A rat (D:2)
36 creatures vanquished.

Notes
Turn   | Place    | Note
-------+----------+-------------------------------------------
     0 | D:1      | DevonAidendale the Human Fighter began the quest for the
                  | Orb.
     0 | D:1      | Reached XP level 1. HP: 18/18 MP: 1/1
   146 | D:1      | Reached XP level 2. HP: 5/24 MP: 2/2
   319 | D:2      | Reached XP level 3. HP: 28/29 MP: 3/3
   439 | D:3      | Found a shimmering blue altar of Sif Muna.
   475 | D:3      | Found a stormy altar of Qazlal.
   479 | D:3      | Became a worshipper of Qazlal Stormbringer
   632 | D:3      | Reached XP level 4. HP: 5/35 MP: 4/4
   844 | D:4      | Reached skill level 1 in Stealth
  1042 | D:4      | Noticed an ogre
  1049 | D:4      | Killed an ogre
  1050 | D:4      | Reached skill level 1 in Dodging
  1050 | D:4      | Reached XP level 5. HP: 11/41 MP: 5/5
  1052 | D:4      | Slain by an iguana

Illustrated notes

Levels and vault maps discovered:
D:1:      amcnicky_arrival_flooded_fountain, layout_loops_ring, minivault_11,
          minmay_heptomino_o4
D:2:      layout_basic, kennysheep_nondescript
D:3:      layout_basic, nicolae_overflow_quartered_altars, gammafunk_ghost_grave
D:4:      layout_gridville, grunt_gozag_statues, kennysheep_small_circle

Skill      XL: |  1  2  3  4 |
---------------+-------------+-----
Polearms       | 3 |  3.7
Stealth        | 1 |  1.4
Dodging        | 1 |  1.2
Fighting       | |  3.4
Armour         | |  3.8
Shields        | |  3.4

Action                     |  1- 3 |  4- 6 || total
---------------------------+-------+-------++-------
  Melee: Trident           |    89 |    53 ||   142
    Use: Potion            |     2 |     1 ||     3
 Armour: Scale mail        |    37 |    23 ||    60
  Dodge: Dodged            |    41 |    31 ||    72
  Block: Buckler           |    11 |    11 ||    22
